AoeStats
← cfbarragan

Arabia

510230793Analyzed
1v1 RM · 2d ago on Sep 30, 2026· 39m 34s· 2 players
Game mode
Random Map
Map size
Tiny (2 player)
Population
200
Speed
Normal
Resources
Standard
Victory
Conquest
Starting age
Dark Age
Ending age
Imperial Age
RankedLock teamsTeams togetherTeam positionsShared explorationLock speedFull tech treeHidden civsTurbo modeCheats
Victory
Defeat
🇦🇺 Berbers · Australia
1125
+17
🇦🇷 Portuguese · Argentina
1138
-17
MAC0406
6:44 Loom
9:10 Feudal Age
11:31 Forging
15:26 Double-Bit Axe
18:38 Fletching
23:37 Castle Age
22:11 Padded Archer Armor
23:31 Scale Barding Armor
23:15 Horse Collar
25:54 Husbandry
26:05 Bloodlines
27:33 Wheelbarrow
27:41 Leather Archer Armor
27:52 Bodkin Arrow
30:52 Town Watch
32:07 Scale Mail Armor
32:27 Chain Barding Armor
32:48 Gold Mining
35:26 Light Cavalry
37:08 Iron Casting
37:08 Bow Saw
cfbarragan
7:34 Loom
9:57 Feudal Age
10:32 Double-Bit Axe
18:55 Fletching
20:52 Wheelbarrow
25:17 Castle Age
23:23 Horse Collar
24:07 Bloodlines
24:57 Scale Barding Armor
25:20 Crossbowman
26:26 Bodkin Arrow
27:41 Town Watch
28:11 Bow Saw
27:41 Light Cavalry
32:02 Forging
Connection lost

Rejoining the realm…

Still unreachable

The connection could not be restored.

Session expired

The server has moved on; the page needs a fresh start.